 Dungeon Crawl Stone Soup version 0.29-a0-1065-g47a6bb87d6 (webtiles) character file.

Game seed: 8240438473897456679

18785 Zeldest the Severer (level 12, -11/107 HPs)
             Began as a Hill Orc Monk on Aug 18, 2022.
             Was a Priest of Beogh (penitent).
             Smitten by Beogh (43 damage)
             ... on level 4 of the Lair of Beasts.
             The game lasted 00:47:01 (16007 turns).

Zeldest the Severer (Hill Orc Monk)                Turns: 16007, Time: 00:47:02

Health: -11/107    AC: 19    Str: 19    XL:     12   Next: 62%
Magic:  22/22      EV: 10    Int: 13    God:    Beogh [***...]
Gold:   750        SH: 11    Dex: 21    Spells: 11/11 levels left

rFire   + . .      SeeInvis .   I - +0 broad axe
rCold   . . .      Faith    +   p - +0 kite shield
rNeg    . . .      Spirit   .   y - +0 swamp dragon scales
rPois   +          Reflect  .   u - +1 helmet
rElec   .          Harm     .   (no cloak)
rCorr   .          Rampage  .   b - +2 pair of gloves of the Pure Leylines {Will+ Int+3 Dex+2 Stlth+}
Will    ++...                   (no boots)
Stlth   +++.......              H - amulet "Icyadwaj" {Faith +Inv rF+ Will+}
HPRegen 0.27/turn               t - +6 ring of dexterity
MPRegen 0.18/turn               i - +4 ring of protection

@: no status effects
A: no striking features
a: Renounce Religion, Evoke Invisibility


You were on level 4 of the Lair of Beasts.
You worshipped Beogh.
Beogh was demanding penance.
You visited 4 branches of the dungeon, and saw 17 of its levels.
You also visited: Volcano.

You collected 750 gold pieces.

Inventory:

Hand Weapons
 x - a +2 spear of venom
 A - a +3 glaive
 I - a +0 broad axe (weapon)
Missiles
 m - 2 throwing nets (quivered)
Armour
 b - the +2 pair of gloves of the Pure Leylines (worn) {Will+ Int+3 Dex+2 Stlth+}
   (You acquired it on level 1 of the Dungeon)

   Int:       It affects your intelligence (+3).
   Dex:       It affects your dexterity (+2).
   Will:      It increases your willpower.
   Stlth:     It makes you more stealthy.
 p - a +0 kite shield (worn)
 u - a +1 helmet (worn)
 y - +0 swamp dragon scales (worn)
Jewellery
 i - a +4 ring of protection (right hand)
 t - a +6 ring of dexterity (left hand)
 D - a ring of wizardry
 G - a ring of ice
 H - the amulet "Icyadwaj" (around neck) {Faith +Inv rF+ Will+}
   (You acquired it on level 1 of the Lair of Beasts)

   [amulet of faith]

   It allows you to gain divine favour quickly.
   rF:        It protects you from fire.
   +Inv:      It lets you turn invisible.
   Will:      It increases your willpower.
Wands
 g - a wand of mindburst (3)
Scrolls
 a - a scroll of blinking
 c - a scroll of enchant armour
 d - 3 scrolls of vulnerability
 h - 2 scrolls of teleportation
 o - 2 scrolls of noise
 q - a scroll of immolation
 r - a scroll of fear
 w - a scroll of magic mapping
Potions
 n - 6 potions of mutation
 s - 3 potions of brilliance
 z - 2 potions of flight
 E - a potion of haste


   Skills:
 + Level 10.4 Fighting
 * Level 15.2 Axes
 + Level 8.2 Armour
 - Level 2.4 Dodging
 - Level 1.5 Stealth
 + Level 6.7 Shields
 * Level 14.6 Invocations


You had 11 spell levels left.
You didn't know any spells.
Your spell library contained the following spells:

 Spells                   Type           Power      Damage    Failure   Level
 Magic Dart               Conj           0%         1d3       78%         1
 Necrotise                Necr           0%         1d4       78%         1
 Searing Ray              Conj           0%         2d4       89%         2
 Dazzling Flash           Conj/Hex       0%         N/A       98%         3
 Gell's Gravitas          Tloc           0%         N/A       98%         3
 Lesser Beckoning         Tloc           0%         N/A       98%         3
 Teleport Other           Tloc           0%         N/A       98%         3
 Tukima's Dance           Hex            0%         N/A       98%         3
 Vampiric Draining        Necr           0%         2d6       98%         3
 Fulminant Prism          Conj/Hex       0%         3d6       100%        4
 Passage of Golubria      Tloc           0%         N/A       100%        4
 Agony                    Necr           0%         N/A       100%        5
 Blade Hands              Tmut           0%         N/A       100%        5
 Irradiate                Conj/Tmut      0%         3d11      100%        5
 Iskenderun's Battlesphe  Conj           0%         2d6       100%        5
 Silence                  Hex/Air        0%         N/A       100%        5
 Yara's Violent Unravell  Hex/Tmut       0%         3d3       100%        5
 Iron Shot                Conj/Erth      0%         9d1       100%        6
 Statue Form              Tmut/Erth      0%         N/A       100%        6
 Spellforged Servitor     Conj/Summ      0%         N/A       100%        7


Dungeon Overview and Level Annotations

Branches:
Dungeon (11/15)            Temple (1/1) D:4            Lair (4/5) D:8
  Snake (0/4) Lair:2          Orc (1/2) D:9         Volcano (visited)
  Swamp: Lair:2-3    Shoals: Lair:2-3     Slime: Lair:4-5

Altars:
Ashenzari
Cheibriados
Dithmenos
Elyvilon
Fedhas
Hepliaklqana
Makhleb
Nemelex Xobeh
Okawaru
Qazlal
Ru
Sif Muna
Uskayaw
Vehumet
Wu Jian
Xom
Yredelemnul
Zin
The Shining One
Beogh

Shops:
D:4 :   D:10 [

Annotations:
Temple 4 transporters
Lair:2 Gastronok
Orc:1 Erolcha


Message History

The human hits the polar bear but does no damage.
The polar bear bites the human!
The human dies!
You carefully extract the barbed spikes from your body.
The human looks more healthy.
The polar bear bites the human.
The polar bear claws the human. x2
The human hits the polar bear!
The polar bear barely misses the human.
The polar bear claws the human.
The polar bear barely misses the human.
The human hits the polar bear.
The polar bear bites the human!
The human dies!
Aiming: Mindburst
Press: ? - help, Shift-Dir - straight line, f - polar bear
Aim: a polar bear (severely wounded, unaware, hasn't noticed you, chance to affect: 64%)
The polar bear's mind is blasted!
You hear a bellow! x2
Aiming: Mindburst
Press: ? - help, Shift-Dir - straight line, f/p - polar bear
Aim: a polar bear (almost dead, chance to affect: 64%)
The polar bear's mind is blasted!
You blow up the polar bear!
Beogh accepts your kill.
Okay, then.
As you read the scroll of teleportation, it crumbles to dust.
You feel strangely unstable.
You swap places.
Your surroundings suddenly seem different.
Found a wand of mindburst (3).
A six-headed hydra comes into view.
The six-headed hydra roars!
You see here a wand of mindburst (3).
As you read the scroll of teleportation, it crumbles to dust.
You feel strangely unstable.
A bullfrog comes into view.
Your surroundings suddenly seem different.
Found 32 gold pieces.
The bullfrog moves out of view.
You now have 750 gold pieces (gained 14).
There are no items here.
Beogh smites you!
You die...

,,,,,,*,,...,...***,,,*
,,,,,,,,,,..,..*,***,,*
*,*,**,,,*#.#.,*,**,,**
**********#..###****,*
,****####P#..P.## *,,*
,,,*,..$........# **,*
,,,,,.P....##...# *,,**
**,**##P#..*##..##**,,*
**,,* #*#.,**#..@# *,**
*,,,* #P,,*#...# *,,**
,,,,* #,,,*##.##**,,,*
,,,,** **,,,* #.#*,,,*,**
,,,,,***,*,,* #..,,,,,,,*
*,,,<,***,,***#.#,,*,**,**
**,,,,,*,*,* *...,,,,,,,,*
*,,,,,,,,,,***..,,,,,*,,**
*****,*,**,**,,,,<,**,,,*


There were no monsters in sight!

Vanquished Creatures
  Kirke (Lair:4)
  Fannar (Lair:1)
  Harold (D:10)
  A two-headed ogre (D:9)
  A soul eater (D:11)
  An orc knight (Lair:3)
  An orc sorcerer (Lair:3)
  3 deep elf pyromancers (Volcano)
  Joseph (D:8)
  A cane toad (Lair:3)
  2 komodo dragons
  2 trolls
  2 polar bears
  4 fire elementals (Volcano)
  3 wyverns
  3 fire bats (Lair:3)
  12 yaks
  A neqoxec (D:11)
  A basilisk (Lair:1)
  A vampire mosquito (D:10)
  A warg (D:8)
  An acid dragon (D:10)
  A water moccasin (Lair:3)
  2 hell hounds (Volcano)
  A sky beast (D:7)
  An orc warrior (D:8)
  5 wolves
  8 centaurs
  7 ogres
  3 kobold brigands
  A phantom (D:7)
  5 bullfrogs
  3 gnoll sergeants (D:6)
  2 scorpions
  3 killer bees (D:10)
  3 electric eels (D:9)
  9 howler monkeys
  A quasit (D:11)
  6 hounds
  8 orc priests
  3 gnoll boudas (D:6)
  2 jellies (D:6)
  2 iguanas
  6 orc wizards
  2 gnolls
  8 adders
  A white imp (D:5)
  An ufetubus (D:6)
  A worm (D:3)
  3 dart slugs
  18 orcs
  9 endoplasms
  2 giant cockroaches
  7 goblins
  5 hobgoblins
  3 jackals (D:3)
  15 kobolds
  4 quokkas
  7 ball pythons
  3 bats
  A frilled lizard (D:1)
  2 goblin skeletons (D:5)
  2 goblin zombies (D:5)
  A hobgoblin zombie (D:5)
  3 kobold skeletons (D:5)
  2 kobold zombies (D:5)
  6 rats
233 creatures vanquished.

Vanquished Creatures (collateral kills)
  An orc high priest (Lair:3)
  2 two-headed ogres
  Maggie (D:9)
  A cane toad (Lair:1)
  Prince Ribbit (D:9)
  3 blink frogs (Lair:3)
  A wyvern (D:10)
  7 yaks (D:9)
  Grum (D:9)
  A steam dragon (D:10)
  A vampire mosquito (D:10)
  2 wargs
  3 nagas (Lair:2)
  A water moccasin (Lair:1)
  2 orc warriors
  4 wolves
  An ice beast (D:8)
  A black bear (Lair:3)
  An ogre (D:6)
  3 kobold brigands
  3 bullfrogs
  A killer bee (D:10)
  2 electric eels (D:9)
  7 howler monkeys
  3 orc priests
  A hound (D:6)
  A gnoll bouda (D:7)
  2 orc wizards (D:6)
  6 gnolls
  A dart slug (D:8)
  An orc (D:6)
  6 kobolds
72 creatures vanquished.

Vanquished Creatures (others)
  An orc warrior (D:11)
  5 humans (Lair:4)
  A yak (Lair:4)
  4 orc priests
  9 orc wizards
  12 orcs
  16 fungi
  18 plants
  5 toadstools (D:1)
71 creatures vanquished.

Grand Total: 376 creatures vanquished

Notes
Turn   | Place    | Note
-------+----------+-------------------------------------------
     0 | D:1      | Zeldest the Hill Orc Monk began the quest for the Orb.
     0 | D:1      | Reached XP level 1. HP: 19/19 MP: 1/1
    54 | D:1      | Reached skill level 1 in Invocations
    70 | D:1      | Reached XP level 2. HP: 15/27 MP: 2/2
   228 | D:1      | Found a roughly hewn altar of Beogh.
   255 | D:1      | Found a faded altar of an unknown god.
   753 | D:1      | Reached XP level 3. HP: 29/33 MP: 4/4
  1408 | D:2      | Reached skill level 5 in Axes
  1616 | D:2      | Reached XP level 4. HP: 40/40 MP: 6/6
  2030 | D:1      | Identified a scroll of acquirement
  2030 | D:1      | Acquired the +2 pair of gloves of the Pure Leylines {Will+
                  | Int+3 Dex+2 Stlth+}
  2402 | D:3      | Found an iron altar of Okawaru.
  2723 | D:3      | Found an ornate altar of the Wu Jian Council.
  2801 | D:3      | Found a white marble altar of Elyvilon.
  2801 | D:3      | Found a sparkling altar of Nemelex Xobeh.
  3014 | D:1      | Became a worshipper of Beogh the Brigand
  3014 | D:1      | Reached * piety under Beogh
  3014 | D:1      | Reached ** piety under Beogh
  3074 | D:4      | Noticed a scorpion
  3075 | D:4      | Killed a scorpion
  3076 | D:4      | Reached XP level 5. HP: 47/47 MP: 3/7
  3114 | D:4      | Found a staircase to the Ecumenical Temple.
  3120 | Temple   | Entered the Ecumenical Temple
  3120 | Temple   | Found a transporter.
  3120 | Temple   | Found a transporter.
  3122 | Temple   | Found a transporter.
  3122 | Temple   | Found a transporter.
  3157 | D:4      | Reached skill level 6 in Axes
  3157 | D:4      | Reached XP level 6. HP: 43/53 MP: 7/9
  3374 | D:4      | Found Hizxiedgh's Book Shoppe.
  3584 | D:5      | Entered Level 5 of the Dungeon
  3590 | D:5      | Identified the +2 pair of boots of the Endless Expanse
                  | {Contam Rampage rN+ Stlth+}
  3708 | D:5      | Reached skill level 5 in Invocations
  3777 | D:5      | Found a shimmering blue altar of Sif Muna.
  3807 | D:5      | Reached skill level 5 in Fighting
  3807 | D:5      | Reached skill level 1 in Armour
  3824 | D:5      | Found a glowing golden altar of the Shining One.
  4059 | D:5      | Reached skill level 7 in Axes
  4059 | D:5      | Reached XP level 7. HP: 43/61 MP: 11/11
  4188 | D:5      | Identified the +2 scale mail of Kleptomania {Str+4}
  4533 | D:6      | Reached *** piety under Beogh
  4809 | D:6      | Reached skill level 8 in Axes
  4967 | D:6      | Reached XP level 8. HP: 70/70 MP: 12/12
  4979 | D:6      | Found a hazy altar of Hepliaklqana.
  5849 | D:7      | Found a shimmering altar of Xom.
  5938 | D:7      | Found a flagged portal.
  5983 | D:7      | Found a burning altar of Makhleb.
  6094 | D:7      | Reached skill level 9 in Axes
  6224 | D:7      | Found a broken altar of Ashenzari.
  6288 | D:7      | Found a hide-covered altar of Uskayaw.
  6298 | D:7      | Gained Olfik as an ally
  6305 | D:7      | Reached XP level 9. HP: 64/78 MP: 15/15
  6321 | D:7      | Reached **** piety under Beogh
  6762 | D:8      | Got the Folio of the Crystalline Figure
  6773 | D:8      | Found a snail-covered altar of Cheibriados.
  6774 | D:8      | Found a staircase to the Lair.
  6785 | D:8      | Reached skill level 10 in Axes
  7403 | D:8      | Noticed Joseph
  7416 | D:8      | Killed Joseph
  8356 | D:6      | Reached skill level 1 in Shields
  8423 | D:6      | Gained Thorok as an ally
  8451 | D:6      | Reached skill level 10 in Invocations
  8459 | D:6      | Reached skill level 5 in Armour
  8463 | D:6      | Reached skill level 11 in Axes
  8502 | D:6      | Noticed a two-headed ogre
  8829 | D:6      | Reached XP level 10. HP: 88/88 MP: 17/17
  8907 | D:6      | Killed a two-headed ogre
  9602 | D:9      | Found a blossoming altar of Fedhas.
  9675 | D:9      | Noticed a two-headed ogre
  9684 | D:9      | Killed a two-headed ogre
  9685 | D:9      | Reached skill level 12 in Axes
  9752 | D:9      | Found a staircase to the Orcish Mines.
  9904 | D:9      | Noticed Maggie
  9911 | D:9      | Killed Maggie
  9913 | D:9      | Noticed Grum
  9923 | D:9      | Reached ***** piety under Beogh
  9931 | D:9      | Killed Grum
 10236 | D:9      | Noticed Prince Ribbit
 10250 | D:9      | Killed Prince Ribbit
 10266 | D:9      | Reached XP level 11. HP: 60/95 MP: 18/20
 10296 | D:9      | Reached skill level 13 in Axes
 10850 | Orc:1    | Entered Level 1 of the Orcish Mines
 11002 | Orc:1    | Noticed Erolcha
 11002 | Orc:1    | Noticed an orc sorcerer
 11141 | D:10     | Entered Level 10 of the Dungeon
 11635 | D:10     | Noticed Harold
 11780 | D:10     | Killed Harold
 12323 | D:10     | Found Omaocos's Antique Armour Emporium.
 12366 | D:10     | Reached skill level 5 in Shields
 12927 | D:11     | Noticed a two-headed ogre
 12934 | D:11     | Killed a two-headed ogre
 12946 | D:11     | Noticed a soul eater
 12954 | D:11     | Killed a soul eater
 13173 | Lair:1   | Entered Level 1 of the Lair of Beasts
 13377 | Lair:1   | Noticed Fannar
 13387 | Lair:1   | Killed Fannar
 13544 | Lair:1   | Noticed a four-headed hydra
 13565 | Lair:1   | Acquired the amulet "Icyadwaj" {Faith +Inv rF+ Will+}
 13809 | Lair:1   | Reached skill level 14 in Axes
 13902 | Lair:2   | Found a staircase to the Snake Pit.
 13916 | Lair:2   | Gained Boldo as an ally
 14159 | Lair:2   | Noticed an eight-headed hydra
 14283 | Lair:3   | Reached XP level 12. HP: 95/106 MP: 22/22
 14313 | Lair:3   | Was placed under penance by Beogh
 14314 | Lair:3   | Your ally Thorok died
 14314 | Lair:3   | Killed Olfik the orc high priest
 14314 | Lair:3   | Your ally Boldo died
 14315 | Lair:3   | Upgraded the game from 0.29-a0-1052-g6990b1bffc to
                  | 0.29-a0-1065-g47a6bb87d6
 14537 | Lair:3   | Found a dark tunnel.
 14562 | Volcano  | Entered a volcano
 14624 | Volcano  | Reached skill level 10 in Fighting
 15745 | Lair:2   | Identified the +2 robe of the Sky {rN+}
 15793 | Lair:2   | Noticed Gastronok
 15815 | Lair:2   | You fall into a shaft and drop 1 floor!
 15926 | Lair:2   | Noticed an orc warlord
 15945 | Lair:4   | Noticed Kirke
 15949 | Lair:4   | Reached skill level 15 in Axes
 15976 | Lair:4   | Killed Kirke
 15997 | Lair:4   | Noticed a six-headed hydra
 16007 | Lair:4   | Smitten by Beogh

Illustrated notes

Levels and vault maps discovered:
D:1:      ldierk_walled_garden, layout_basic,
          hellmonk_ecumenical_altar_defaced_shrine
D:2:      layout_basic
D:3:      layout_basic, nzn_wu_jian_contemplation, okawaru_altar_gauntlet_db,
          gammafunk_temple_overflow_wave, roderic_serpentine_path,
          hangedman_decor_slide_cut
D:4:      layout_cave_pools, temple_green, nicolae_take_the_stairs
D:5:      layout_loops_cross, overflow_temple_1_default,
          nicolae_tso_besieged_by_evil
D:6:      lemuel_castle_with_subvaults [lemuel_castle_interior_carwin_3],
          layout_loops_cross, lemuel_crystal_altar, minmay_misc_feat_plants
D:7:      mumra_celtic_spiral_tile, layout_rooms,
          nicolae_uskayaw_murder_on_the_dancefloor, evilmike_ruin_ashenzari,
          makhleb_heckhound_becter, nicolae_overflow_crystal_walls,
          enter_bailey_2
D:8:      layout_basic, kennysheep_slug_shrine, erik_lair_orcish_takeover,
          uniq_joseph
D:9:      layout_basic, mainiacjoe_overflow_small_starburst, orc_0_dummy,
          minivault_4, minmay_holes, kennysheep_boxes, uniq_grum,
          uniq_prince_ribbit1, uniq_maggie
D:10:     layout_basic, serial_shops, nicolae_stop_n_shop_2, uniq_harold
D:11:     layout_gridville, serial_demonic, serial_demonic_e, serial_demonic_g,
          serial_demonic_b, serial_demonic_a
Temple:   hellmonk_temple_divided_pantheon
Lair:1:   layout_concentric_octagons, beast_lair_carwin_4, uniq_fannar
Lair:2:   layout_regular_city, minmay_shoals_entry_lonely_mermaid,
          minmay_snake_entry_guardpost_small, uniq_gastronok
Lair:3:   layout_regular_city, nicolae_volcano_entry_batcave, lemuel_fruit_tree
Lair:4:   layout_loops_ring, beast_lair_carwin_3, uniq_kirke
Orc:1:    layout_caves, uniq_erolcha

Skill      XL: |  1  2  3  4  5  6  7  8  9 10 11 12 |
---------------+-------------------------------------+-----
Invocations    | 1 2 3 4 5 6 8 10 12 13 14 | 14.6
Fighting       | 4 5 6 7 8 9 10 | 10.4
Axes           | 5 6 7 8 9 11 12 14 15 | 15.2
Armour         | 1 2 3 5 6 7 8 |  8.2
Shields        | 1 4 5 6 |  6.7
Dodging        | |  2.4
Stealth        | |  1.5

Action                   |  1- 3 |  4- 6 |  7- 9 | 10-12 || total
-------------------------+-------+-------+-------+-------++-------
Melee: Hand axe          |   104 |     1 |       |       ||   105
       Punch             |     1 |     1 |     4 |       ||     6
       War axe           |       |   176 |   265 |   263 ||   704
       Broad axe         |       |       |       |   196 ||   196
       Spear             |       |       |       |     3 ||     3
Invok: Smiting           |       |     1 |     3 |     6 ||    10
       Recall Orcish Fol |       |       |     1 |     9 ||    10
       Stop Recall       |       |       |       |     2 ||     2
Evoke: Wand              |       |       |     9 |    24 ||    33
  Use: Scroll            |       |     6 |     6 |    23 ||    35
       Potion            |       |       |     3 |    17 ||    20
 Stab: Sleeping          |     3 |     7 |       |     3 ||    13
       Confused          |       |       |     1 |     2 ||     3
       Distracted        |       |       |       |     3 ||     3
Armor: Robe              |    16 |       |       |       ||    16
       Ring mail         |    26 |    83 |   116 |    72 ||   297
       Skin              |       |       |       |    33 ||    33
       Swamp dragon scal |       |       |       |   147 ||   147
Dodge: Dodged            |    48 |   108 |   125 |   158 ||   439
Block: Kite shield       |       |       |    14 |   305 ||   319

Table legend: (Time is in decaauts)
 A = Elapsed time spent in this place.
 B = Non-inter-level travel time spent in this place.
 C = Inter-level travel time spent in this place.
 D = Time resting spent in this place.
 E = Time spent auto-exploring this place.
 F = Levels seen in this place.
 G = Mean time per level.
                   A        B        C        D        E       F      G
               +--------+--------+--------+--------+--------+-----+--------+
         Total |  16109 |  15159 |    950 |   5568 |   5280 |  18 |  894.9 |
       Dungeon |  13132 |  12183 |    949 |   4167 |   4779 |  11 | 1193.8 |
        Temple |      7 |      7 |      0 |      0 |      0 |   1 |    7.0 |
          Lair |   2724 |   2724 |      0 |   1323 |    501 |   4 |  681.0 |
  Orcish Mines |    130 |    130 |      0 |     72 |      0 |   1 |  130.0 |
       Volcano |    114 |    114 |      0 |      6 |      0 |   1 |  114.0 |
               +--------+--------+--------+--------+--------+-----+--------+

Top non-repeatable levels by time:
     D:6: 2065 daAuts
     D:7: 1634 daAuts
    D:10: 1607 daAuts
     D:9: 1471 daAuts
     D:5: 1394 daAuts
     D:1: 1220 daAuts
  Lair:3: 1180 daAuts
     D:2: 977 daAuts
     D:8: 955 daAuts
     D:3: 897 daAuts
  Lair:2: 765 daAuts
  Lair:1: 707 daAuts
     D:4: 507 daAuts
    D:11: 399 daAuts
   Orc:1: 130 daAuts
